 Dungeon Crawl Stone Soup version 0.22-a0-348-gd16d139 (webtiles) character file.

7655 vishdafish the Blocker (level 10, -3/115 HPs)
             Began as a Demonspawn Skald on Apr 11, 2018.
             Was a Believer of Makhleb.
             Slain by an unseen horror (8 damage)
             ... on level 10 of the Dungeon.
             The game lasted 00:24:21 (11532 turns).

vishdafish the Blocker (Demonspawn Skald)          Turns: 11532, Time: 00:24:22

Health: -3/115     AC:  9    Str: 18      XL:     10   Next: 99%
Magic:  0/14       EV: 14    Int: 17      God:    Makhleb [**....]
Gold:   609        SH: 13    Dex: 13 (14) Spells: 10/15 levels left

rFire    . . .     SeeInvis .   R - +2 trident (venom)
rCold    . . .     Gourm    .   g - +2 shield
rNeg     + . .     Faith    .   N - +0 steam dragon scales
rPois    +         Spirit   +   T - +2 helmet
rElec    .         Reflect  .   (no cloak)
rCorr    .         Harm     .   (no gloves)
MR       .....                  (no boots)
Stlth    ..........             n - amulet of rage
HPRegen  0.29/turn              x - ring of wizardry
MPRegen  0.14/turn              I - ring "Xyfef" {rPois rN+}

@: berserking, very quick
A: talons 1, agile 1, mutation resistance 1, nightstalker 2, magic shield
a: Minor Destruction, Renounce Religion, Evoke Berserk Rage


You were on level 10 of the Dungeon.
You worshipped Makhleb.
Makhleb was pleased with you.
You were not hungry.

You visited 1 branch of the dungeon, and saw 10 of its levels.

You collected 609 gold pieces.

Inventory:

Hand Weapons
 v - a +0 trident
 R - a +2 trident of venom (weapon)
Missiles
 m - a throwing net (quivered)
Armour
 g - a +2 shield (worn)
 N - +0 steam dragon scales (worn)
 T - a +2 helmet (worn)
Jewellery
 a - an uncursed ring of teleportation
 k - an uncursed amulet of faith
 n - an amulet of rage (around neck)
 x - a ring of wizardry (left hand)
 D - an uncursed ring of stealth
 F - an uncursed ring of protection from fire
 I - the ring "Xyfef" (right hand) {rPois rN+}
   (You found it on level 7 of the Dungeon)

   [ring of positive energy]

   It protects you from poison.
   It protects you from negative energy.
 O - a +3 ring of intelligence
Wands
 w - a wand of acid (8)
 z - a wand of enslavement (8)
 K - a wand of random effects (38)
 L - a wand of polymorph (13)
 Q - a wand of paralysis (9)
Scrolls
 b - a scroll of identify
 e - a scroll of remove curse
 h - 2 scrolls of blinking
 p - 3 scrolls of fear {unknown}
 u - 2 scrolls of immolation {unknown}
 y - 2 scrolls of amnesia {unknown}
 B - 3 scrolls of enchant weapon
 C - a scroll of teleportation {unknown}
 H - a scroll of magic mapping {unknown}
 S - a scroll of noise {unknown}
Potions
 c - 2 potions of cancellation
 f - 2 potions of curing
 i - a potion of lignification
 l - 2 potions of agility
 q - a potion of degeneration
 r - 3 potions of flight {unknown}
 A - a potion of brilliance {unknown}
 G - a potion of mutation
 J - 2 potions of haste
 M - a potion of might {unknown}
 U - a potion of experience {unknown}
Comestibles
 d - 13 rations


   Skills:
 + Level 6.6 Fighting
 + Level 6.1 Polearms
 + Level 4.3 Armour
 + Level 6.0 Dodging
 * Level 8.2 Shields
 - Level 3.3 Spellcasting
 - Level 5.0 Charms
 * Level 3.7 Translocations
 * Level 1.1 Invocations
 - Level 3.3 Evocations


You had 10 spell levels left.
You knew the following spells:

 Your Spells              Type           Power        Failure   Level  Hunger
a - Infusion              Chrm           ###.         1%          1    None
b - Song of Slaying       Chrm           ###.....     3%          2    ##.....
c - Shroud of Golubria    Chrm/Tloc      ###.......   4%          2    ##.....


Dungeon Overview and Level Annotations

Branches:
Dungeon (10/15)            Temple (0/1) D:7             Orc (0/2) D:9
   Lair: D:8-11

Altars:
Ashenzari
Dithmenos
Elyvilon
Hepliaklqana
Makhleb
Ru
Xom
The Shining One

Shops:
D:8 =*


Innate Abilities, Weirdness & Mutations

You have sharp toenails.
You are significantly more attuned to the shadows.
When hurt, damage is shared between your health and your magic reserves.
You are agile. (Dex +2)
You are somewhat resistant to further mutation.


Message History

Something hits you but does no damage.
You feel better. Something hits you.
* * * LOW HITPOINT WARNING * * *
Something hits you.
* * * LOW HITPOINT WARNING * * *
You feel better. Something hits you.
* * * LOW HITPOINT WARNING * * *
You block something's attack.
A red film seems to cover your vision as you go berserk!
You feel yourself moving faster!
You feel mighty!
You feel a lot more hungry. Something hits you.
* * * LOW HITPOINT WARNING * * *
Something hits you but does no damage.
You hit something. Something hits you!
* * * LOW HITPOINT WARNING * * *
You puncture something! Something hits you!
* * * LOW HITPOINT WARNING * * *
Something hits you but does no damage.
You puncture something! Something hits you!
You die...

..# #.##.##.######......##
..##### #.......#............#
......######.#>###......#.....#
........................####..#
......#######.####......##....#
...#### ###..................#
...# #......T###.##<##>##.#
...# #.#..##{#............#
...# #.#..##@#.#.##.##.####
...# #.#.....#.#.##.##.# ...#
####.#.###.#.........#
...####.......##.#)###..####
................#..# #..#
♣...#......#.......# #.##
....#...#.)##.#####...##
............).# ###
..#.#####..####


You could see a troll.

Vanquished Creatures
  A two-headed ogre (D:10)
  An unseen horror (D:10)
  Pikel (D:7)
  Joseph (D:7)
  A troll (D:10)
  A hornet (D:9)
  Prince Ribbit (D:7)
  Sigmund (D:3)
  A spriggan (D:8)
  A steam dragon (D:7)
  The ghost of vishdafish the Charmwright, an amateur DsSk of Okawaru (D:4)
  2 wargs
  A hungry ghost (D:7)
  Menkaure (D:6)
  Duvessa (D:6)
  A water moccasin (D:7)
  2 ice beasts
  2 sky beasts
  2 black bears
  A necrophage (D:8)
  3 orc warriors
  4 ogres
  3 centaurs
  A bullfrog (D:6)
  Dowan (D:6)
  2 scorpions
  3 killer bees
  8 wights (D:7)
  2 howler monkeys (D:9)
  An electric eel (D:6)
  2 crimson imps (D:7)
  3 quasits
  3 jellies
  2 centaur zombies (D:7)
  8 orc priests
  2 hounds
  2 centaur skeletons
  An iguana (D:7)
  Terence (D:3)
  Natasha (thrice) (D:3)
  2 worker ants
  14 orc wizards
  2 hound zombies
  A mummy (D:5)
  9 gnolls
  10 adders
  2 shadow imps
  2 oozes
  5 worms
  2 dart slugs
  8 leopard geckos
  36 orcs
  3 bats
  5 giant cockroaches
  11 goblins
  7 hobgoblins
  13 jackals
  11 kobolds
  8 quokkas
  4 ball pythons
  6 frilled lizards
  3 hobgoblin zombies (D:5)
  A jackal skeleton (D:4)
  A leopard gecko skeleton (D:4)
  An orc zombie (D:5)
  9 rats
255 creatures vanquished.

Vanquished Creatures (others)
  A slave (D:7)
  A wight (D:7)
  An orc wizard (D:6)
3 creatures vanquished.

Grand Total: 258 creatures vanquished

Notes
Turn   | Place    | Note
-------+----------+-------------------------------------------
     0 | D:1      | vishdafish the Demonspawn Skald began the quest for the Orb.
     0 | D:1      | Reached XP level 1. HP: 16/16 MP: 3/3
   102 | D:1      | Reached skill level 1 in Armour
   364 | D:1      | Gained mutation: When hurt, damage is shared between your health and your magic reserves. [demonic ancestry]
   364 | D:1      | Reached XP level 2. HP: 20/22 MP: 5/5
   943 | D:1      | Reached XP level 3. HP: 25/27 MP: 4/6
  1004 | D:2      | Reached skill level 1 in Shields
  1461 | D:2      | Gained mutation: You are clumsy. (Dex -2) [potion of mutation]
  1461 | D:2      | Gained mutation: You have an increased reservoir of magic. (+10% MP) [potion of mutation]
  1461 | D:2      | Gained mutation: Your muscles are strong. (Str +2) [potion of mutation]
  1462 | D:2      | Lost mutation: You are clumsy. (Dex -2) [potion of mutation]
  1462 | D:2      | Lost mutation: Your muscles are strong. (Str +2) [potion of mutation]
  1462 | D:2      | Lost mutation: You have an increased reservoir of magic. (+10% MP) [potion of mutation]
  1462 | D:2      | Gained mutation: You are somewhat resistant to further mutation. [potion of mutation]
  1462 | D:2      | Gained mutation: You are agile. (Dex +2) [potion of mutation]
  1796 | D:2      | Reached XP level 4. HP: 32/33 MP: 5/7
  2066 | D:2      | Found a shimmering altar of Xom.
  2556 | D:3      | Noticed Sigmund
  2567 | D:3      | Killed Sigmund
  2567 | D:3      | Reached skill level 2 in Shields
  2567 | D:3      | Reached skill level 1 in Evocations
  2567 | D:3      | Gained mutation: You are slightly more attuned to the shadows. [demonic ancestry]
  2567 | D:3      | Reached XP level 5. HP: 39/39 MP: 7/9
  2656 | D:3      | Noticed Terence
  2686 | D:3      | Killed Terence
  2686 | D:3      | Gained mutation: You have sharp toenails. [demonic ancestry]
  2686 | D:3      | Reached XP level 6. HP: 34/46 MP: 8/10
  2714 | D:3      | Noticed Natasha
  2721 | D:3      | Killed Natasha
  2950 | D:3      | Noticed Natasha
  2963 | D:3      | Killed Natasha
  3184 | D:3      | Noticed Natasha
  3193 | D:3      | Killed Natasha
  3356 | D:4      | Noticed vishdafish's ghost (amateur DsSk)
  3373 | D:4      | Killed vishdafish's ghost
  3461 | D:4      | Reached skill level 3 in Shields
  3461 | D:4      | Reached XP level 7. HP: 52/52 MP: 11/11
  4147 | D:5      | Entered Level 5 of the Dungeon
  4760 | D:5      | Reached XP level 8. HP: 60/60 MP: 12/12
  4818 | D:5      | Reached skill level 4 in Shields
  4988 | D:6      | Noticed Duvessa
  4988 | D:6      | Noticed Dowan
  5006 | D:6      | Killed Duvessa
  5087 | D:6      | Killed Dowan
  5719 | D:6      | Reached skill level 5 in Shields
  5834 | D:6      | Noticed Menkaure
  5845 | D:6      | Killed Menkaure
  6300 | D:7      | Got a steaming pewter ring
  6302 | D:7      | Identified the ring "Xyfef" {rPois rN+} (You found it on level 7 of the Dungeon)
  6469 | D:6      | Reached skill level 5 in Charms
  6738 | D:7      | Reached XP level 9. HP: 65/66 MP: 13/13
  7233 | D:7      | Noticed Joseph
  7267 | D:7      | Killed Joseph
  7322 | D:7      | Reached skill level 5 in Fighting
  7322 | D:7      | Reached skill level 6 in Shields
  7549 | D:7      | Noticed Prince Ribbit
  7586 | D:7      | Killed Prince Ribbit
  7586 | D:7      | Reached skill level 5 in Polearms
  7885 | D:7      | Found a shadowy altar of Dithmenos.
  7889 | D:7      | Found a glowing golden altar of the Shining One.
  7891 | D:7      | Found a burning altar of Makhleb.
  7893 | D:7      | Found a white marble altar of Elyvilon.
  7896 | D:7      | Found a faded altar of an unknown god.
  7903 | D:7      | Became a worshipper of Makhleb the Destroyer
  7903 | D:7      | Reached * piety under Makhleb
  7955 | D:7      | Reached skill level 5 in Dodging
  7960 | D:7      | Found a staircase to the Ecumenical Temple.
  8073 | D:7      | Noticed Pikel
  8100 | D:7      | Paralysed by Pikel for 7 turns
  8113 | D:7      | Killed Pikel
  8271 | D:7      | Gained mutation: You are significantly more attuned to the shadows. [demonic ancestry]
  8271 | D:7      | Reached XP level 10. HP: 76/76 MP: 12/14
  8383 | D:7      | Reached skill level 7 in Shields
  8618 | D:8      | Learned a level 2 spell: Song of Slaying
  8621 | D:8      | Learned a level 2 spell: Shroud of Golubria
  8824 | D:8      | Found Xyn Ytz's Jewellery Boutique.
  8859 | D:8      | Found a sacrificial altar of Ru.
  8960 | D:8      | Reached skill level 1 in Translocations
  9061 | D:8      | Found Yciunux's Elemental Accessories.
  9278 | D:9      | Reached ** piety under Makhleb
  9356 | D:9      | Found a staircase to the Orcish Mines.
  9954 | D:9      | Found a hazy altar of Hepliaklqana.
 10577 | D:10     | Entered Level 10 of the Dungeon
 10948 | D:10     | Noticed a two-headed ogre
 10975 | D:10     | Killed a two-headed ogre
 10975 | D:10     | Reached skill level 8 in Shields
 11217 | D:10     | Killed an unseen horror
 11217 | D:10     | Reached skill level 1 in Invocations
 11337 | D:10     | Found a shattered altar of Ashenzari.
 11531 | D:10     | HP: 5/115 [something (10)]
 11532 | D:10     | Slain by an unseen horror

Vault maps used:
D:1:      elethiomel_arrival_maze
D:2:      tgw_xom
D:3:      first_ration, uniq_natasha, uniq_terence, uniq_sigmund
D:5:      minmay_mini_ossuary
D:6:      minivault_14, uniq_duvessa, uniq_menkaure
D:7:      chequers_temple_overflow_minitemple, minmay_temple_entry_poolview,
          uniq_prince_ribbit1, uniq_joseph, uniq_pikel
D:8:      nicolae_ru_great_annihilating_truth, serial_shops, shop_coins,
          grunt_pizzeria, nicolae_elemental_shop
D:9:      kennysheep_little_box, erik_orc_4, serial_glass, glass_columns_b,
          glass_columns_a, glass_columns_a
D:10:     lair_entry_dummy, hangedman_tree_tricks, serial_park_tiny_2,
          nicolae_ashenzari_panopticon

Skill      XL: |  1  2  3  4  5  6  7  8  9 10 |
---------------+-------------------------------+-----
Armour         | 1 3 4 |  4.3
Polearms       | 2 3 4 5 6 |  6.1
Dodging        | 2 3 4 5 6 |  6.0
Shields        | 1 2 3 5 6 8 |  8.2
Charms         | 3 5 |  5.0
Evocations     | 1 2 3 |  3.3
Fighting       | 3 4 5 6 |  6.6
Spellcasting   | 3 |  3.3
Translocations | 3 |  3.7
Invocations    | 1 |  1.1

Action                   |  1- 3 |  4- 6 |  7- 9 | 10-12 || total
-------------------------+-------+-------+-------+-------++-------
Melee: Spear             |   190 |   149 |       |       ||   339
       Trident           |       |    16 |   510 |   318 ||   844
       Kick              |       |     7 |   133 |    71 ||   211
       Unarmed           |       |       |    22 |       ||    22
 Cast: Infusion          |     5 |     1 |     4 |       ||    10
       Shroud of Golubri |       |       |       |     1 ||     1
       Song of Slaying   |       |       |       |     1 ||     1
 Abil: Evoke Berserk Rag |       |     6 |    15 |     6 ||    27
Evoke: Wand              |       |       |     2 |     1 ||     3
  Use: Scroll            |     3 |     3 |     3 |     4 ||    13
       Potion            |     2 |       |     1 |     4 ||     7
 Stab: Sleeping          |     1 |     8 |     9 |     2 ||    20
       Distracted        |       |       |     1 |     1 ||     2
       Paralysed         |       |       |       |     2 ||     2
       Invisible         |       |       |       |     1 ||     1
  Eat: Chunk             |     1 |     6 |    17 |     9 ||    33
       Ration            |     1 |     1 |     5 |     2 ||     9
Armor: Leather armour    |    24 |    20 |    77 |       ||   121
       Skin              |       |       |    25 |       ||    25
       Steam dragon scal |       |       |    23 |    89 ||   112
Dodge: Dodged            |    69 |    45 |   212 |   166 ||   492
Block: Shield            |    57 |    57 |   323 |   221 ||   658

Table legend:
 A = Spawn XP
 B = Non-spawn XP
 C = Spawn XP percentage of total XP
 D = Spawn monster count
 E = Non-spawn monster count
 F = Spawn count percentage of total count
 G = Total turns spent on level
                    A         B        C        D         E        F      G
               +---------+---------+-------+---------+---------+-------+---------
         Total |       0 |   10936 |   0.0 |       0 |     256 |   0.0 | 11532
               +---------+---------+-------+---------+---------+-------+---------
           D:1 |       0 |      49 |   0.0 |       0 |      29 |   0.0 |  1189
           D:2 |       0 |      70 |   0.0 |       0 |      23 |   0.0 |  1285
           D:3 |       0 |     397 |   0.0 |       0 |      20 |   0.0 |   914
           D:4 |       0 |     409 |   0.0 |       0 |      24 |   0.0 |   759
           D:5 |       0 |     633 |   0.0 |       0 |      24 |   0.0 |  1098
           D:6 |       0 |    1196 |   0.0 |       0 |      30 |   0.0 |  1298
           D:7 |       0 |    2884 |   0.0 |       0 |      29 |   0.0 |  2002
           D:8 |       0 |    1264 |   0.0 |       0 |      27 |   0.0 |   932
           D:9 |       0 |    1323 |   0.0 |       0 |      26 |   0.0 |  1100
          D:10 |       0 |    2711 |   0.0 |       0 |      24 |   0.0 |   955
               +---------+---------+-------+---------+---------+-------+---------
